 Dungeon Crawl Stone Soup version 0.22.1-1-ga44c0e5 (webtiles) character file.

1602977 Zebedee the Slayer (level 27, 154/240 HPs)
             Began as a Barachi Summoner on Sept 24, 2018.
             Was the Champion of Cheibriados.
             Escaped with the Orb
             ... and 3 runes on Sept 26, 2018!
             The game lasted 14:05:43 (76995 turns).

Zebedee the Slayer (Barachi Summoner)              Turns: 76995, Time: 14:05:43

Health: 154/240    AC: 28    Str: 39    XL:     27
Magic:  48/48      EV: 29    Int: 41    God:    Cheibriados [******]
Gold:   5393       SH: 21    Dex: 40    Spells: 1/68 levels left

rFire    + + .     SeeInvis +   R - +10 trident of the Saviour {pierce, *Rage rElec Int+3 Dex+7}
rCold    + + +     Gourm    .   D - +2 shield
rNeg     + . .     Faith    .   n - +7 faerie dragon scales {rPois rC+ rCorr Str+2}
rPois    +         Spirit   .   d - +2 helmet of Egalitarianism {rC+ rN+ Regen+ Stlth-}
rElec    +         Reflect  .   y - +2 cloak {+Inv}
rCorr    +         Harm     .   Z - +2 pair of gloves
MR       ++++.     Clarity  +   I - +2 pair of boots {Fly}
Stlth    ++........             U - amulet "Ariolet" {RegenMP rC+ Str+7}
HPRegen  0.90/turn              b - ring of Xom's Righteous Fury {MR+ Int+3 Slay+2}
MPRegen  0.56/turn              e - ring of Fallacy {*Drain rElec rF++ MR+ SInv}

@: studying Fire Magic, very slow
A: +LOS, swims, hooves 1, agile 1, blurry vision 2, clarity, deformed body,
deterioration 1, poison resistance, slowness 1, strong legs 2
0: Orb of Zot
}: 3/15 runes: decaying, serpentine, silver
a: Hop, Bend Time, Temporal Distortion, Slouch, Step From Time, Renounce
Religion, Evoke Invisibility, Evoke Flight


You escaped.
You worshipped Cheibriados.
Cheibriados was exalted by your worship.
You were not hungry.

You visited 10 branches of the dungeon, and saw 52 of its levels.

You collected 10434 gold pieces.
You spent 5041 gold pieces at shops.

Inventory:

Hand Weapons
 R - the +10 trident of the Saviour (weapon) {pierce, *Rage rElec Int+3 Dex+7}
   (You found it on level 6 of the Lair of Beasts)

   It inflicts extra damage upon your enemies.
   It affects your intelligence (+3).
   It affects your dexterity (+7).
   It insulates you from electricity.
   It may make you go berserk in combat.
Missiles
 S - 6 throwing nets (quivered)
Armour
 d - the +2 helmet of Egalitarianism (worn) {rC+ rN+ Regen+ Stlth-}
   (You found it on level 3 of the Elven Halls)

   It protects you from cold.
   It protects you from negative energy.
   It increases your rate of regeneration.
   It makes you less stealthy.
 n - the +7 faerie dragon scales (worn) {rPois rC+ rCorr Str+2}
   (You took it off the Enchantress on level 4 of the Depths)

   It affects your strength (+2).
   It protects you from cold.
   It protects you from poison.
   It provides partial protection from all sources of acid and corrosion.
 y - a +2 cloak of invisibility (worn)
 D - a +2 shield (worn)
 I - a +2 pair of boots of flying (worn)
 Z - a +2 pair of gloves (worn)
Jewellery
 b - the ring of Xom's Righteous Fury (left hand) {MR+ Int+3 Slay+2}
   (You bought it in a shop on level 3 of the Snake Pit)

   [ring of protection from magic]

   It affects your intelligence (+3).
   It affects your accuracy and damage with ranged weapons and melee attacks
   (+2).
   It affects your resistance to hostile enchantments.
 e - the ring of Fallacy (right hand) {*Drain rElec rF++ MR+ SInv}
   (You bought it in a shop on level 3 of the Snake Pit)

   [ring of see invisible]

   It greatly protects you from fire.
   It insulates you from electricity.
   It affects your resistance to hostile enchantments.
   It lets you see invisible.
   It causes draining when unequipped.
 l - an uncursed ring of protection from fire
 o - an uncursed ring of ice
 v - the ring of Jalirat {rPois Str-4 Int+7 Slay+2}
   (You found it on level 11 of the Dungeon)

   [ring of poison resistance]

   It affects your strength (-4).
   It affects your intelligence (+7).
   It affects your accuracy and damage with ranged weapons and melee attacks
   (+2).
   It protects you from poison.
 A - an uncursed ring of fire
 U - the amulet "Ariolet" (around neck) {RegenMP rC+ Str+7}
   (You found it on level 3 of the Depths)

   [amulet of magic regeneration]

   It increases your magic regeneration.
   It affects your strength (+7).
   It protects you from cold.
 W - an uncursed ring of positive energy
Wands
 t - a wand of digging (44)
 z - a wand of acid (26)
 K - a wand of iceblast (35)
 L - a wand of clouds (14)
Scrolls
 a - a scroll of silence
 f - 21 scrolls of teleportation
 q - 9 scrolls of fog
 r - 6 scrolls of fear
 u - 10 scrolls of magic mapping
 w - 17 scrolls of remove curse
 C - 4 scrolls of enchant weapon
 H - 8 scrolls of blinking
 O - 14 scrolls of identify
 P - a scroll of summoning
 V - 8 scrolls of amnesia
Potions
 g - 5 potions of magic
 h - 14 potions of curing
 i - 3 potions of brilliance
 k - 4 potions of ambrosia
 m - 8 potions of might
 p - 4 potions of heal wounds
 s - 3 potions of flight
 x - 2 potions of invisibility
 B - 8 potions of agility
 E - 4 potions of resistance
Books
 T - a manual of Fire Magic
Miscellaneous
 j - a lamp of fire
 Q - a phial of floods
Comestibles
 c - 75 rations


   Skills:
 * Level 24.4 Fighting
   Level 1.1 Short Blades
 - Level 10.4 Polearms
 - Level 15.0 Armour
 - Level 12.3 Dodging
 - Level 11.2 Stealth
 - Level 15.0 Shields
 - Level 0.2 Unarmed Combat
 - Level 21.0 Spellcasting
 - Level 17.1 Conjurations
   Level 5.0 Hexes
 - Level 7.6 Charms
 - Level 13.2 Summonings
 - Level 11.0 Necromancy
 - Level 4.1 Translocations
 - Level 6.0 Transmutations
 - Level 8.8 Ice Magic
 - Level 12.0 Air Magic
 - Level 8.6 Earth Magic
 - Level 10.5 Invocations
 - Level 6.2 Evocations


You had one spell level left.
You knew the following spells:

 Your Spells              Type           Power        Failure   Level  Hunger
a - Bolt of Cold          Conj/Ice       #######...   1%          6    None
b - Irradiate             Conj/Tmut      #######...   1%          5    None
c - Spellforged Servitor  Conj/Summ      ########..   1%          7    None
d - Summon Lightning Spi  Summ/Air       #######.     1%          4    None
e - Regeneration          Chrm/Necr      #######...   1%          3    None
f - Aura of Abjuration    Summ           ########..   1%          5    None
g - Blink                 Tloc           N/A          1%          2    None
h - Deflect Missiles      Chrm/Air       #######...   1%          6    None
i - Borgnjor's Vile Clut  Necr/Erth      #######...   1%          5    None
j - Freezing Cloud        Conj/Ice/Air   #######...   1%          6    None
k - Orb of Destruction    Conj           ########..   1%          7    None
l - Animate Dead          Necr           N/A          1%          4    None
m - Sublimation of Blood  Necr           #######...   0%          2    None
n - Passage of Golubria   Tloc           N/A          1%          4    None
o - Summon Butterflies    Summ           ########     0%          1    None

Your spell library contained the following spells:

 Spells                   Type           Power        Failure   Level  Hunger
 Magic Dart               Conj           ####         0%          1    None
 Sandblast                Erth           ######       0%          1    None
 Shock                    Conj/Air       ####         0%          1    None
 Summon Small Mammal      Summ           ####         0%          1    None
 Beastly Appendage        Tmut           ######       1%          1    None
 Confusing Touch          Hex            ######       1%          1    None
 Infusion                 Chrm           ####         1%          1    None
 Sting                    Conj/Pois      ####         1%          1    None
 Call Imp                 Summ           ########     0%          2    None
 Corpse Rot               Necr           N/A          0%          2    None
 Swiftness                Chrm/Air       #######.     0%          2    None
 Call Canine Familiar     Summ           ########     0%          3    None
 Static Discharge         Conj/Air       ########     0%          3    None
 Stone Arrow              Conj/Erth      ######       0%          3    None
 Passwall                 Tmut/Erth      #######.     1%          2    None
 Poisonous Vapours        Pois/Air       ######       1%          2    None
 Shroud of Golubria       Chrm/Tloc      ######....   1%          2    None
 Slow                     Hex            ######..     1%          2    None
 Song of Slaying          Chrm           #######.     1%          2    None
 Sticks to Snakes         Tmut           #######.     1%          2    None
 Conjure Flame            Conj/Fire      #######.     1%          3    None
 Gell's Gravitas          Tloc           ######....   1%          3    None
 Lesser Beckoning         Tloc           ######....   1%          3    None
 Mephitic Cloud           Conj/Pois/Air  #######.     1%          3    None
 Portal Projectile        Hex/Tloc       ######       1%          3    None
 Recall                   Summ/Tloc      N/A          1%          3    None
 Spectral Weapon          Hex/Chrm       #######.     1%          3    None
 Spider Form              Tmut/Pois      ######....   1%          3    None
 Summon Guardian Golem    Hex/Summ       #######.     1%          3    None
 Teleport Other           Tloc           ######..     1%          3    None
 Airstrike                Air            #######...   1%          4    None
 Cause Fear               Hex            ######....   1%          4    None
 Force Lance              Conj/Tloc      #######.     1%          4    None
 Fulminant Prism          Conj/Hex       #######...   1%          4    None
 Ice Form                 Ice/Tmut       #######.     1%          4    None
 Petrify                  Tmut/Erth      #######.     1%          4    None
 Summon Ice Beast         Ice/Summ       #######.     1%          4    None
 Agony                    Necr           #######.     1%          5    None
 Bolt of Draining         Conj/Necr      ########..   1%          5    None
 Dispel Undead            Necr           #######.     1%          5    None
 Excruciating Wounds      Chrm/Necr      #######...   1%          5    None
 Lee's Rapid Deconstruct  Erth           #######...   1%          5    None
 Lightning Bolt           Conj/Air       ########..   1%          5    None
 Metabolic Englaciation   Hex/Ice        #######...   1%          5    None
 Silence                  Hex/Air        #######...   1%          5    None
 Summon Demon             Summ           ########..   1%          5    None
 Summon Forest            Summ/Tloc      #######...   1%          5    None
 Summon Mana Viper        Hex/Summ       #######.     1%          5    None
 Venom Bolt               Conj/Pois      #######...   1%          5    None
 Yara's Violent Unravell  Hex/Tmut       ######....   1%          5    None
 Conjure Ball Lightning   Conj/Air       ########..   1%          6    None
 Death Channel            Necr           #######...   1%          6    None
 Shadow Creatures         Summ           N/A          1%          6    None
 Simulacrum               Ice/Necr       #######...   1%          6    None
 Summon Hydra             Summ           ########..   1%          7    None
 Ozocubu's Refrigeration  Ice            #######...   2%          6    None
 Statue Form              Tmut/Erth      #######..    4%          6    None
 Olgreb's Toxic Radiance  Pois           #####...     5%          4    None
 Hydra Form               Tmut           #######...   8%          6    None
 Malign Gateway           Summ/Tloc      #######...   14%         7    None
 Dispersal                Tloc           ######....   16%         6    None
 Dragon Form              Tmut           #######...   38%         7    None
 Ring of Flames           Chrm/Fire      ######....   71%         7    None
 Dragon's Call            Summ           ########..   94%         9    ####...
 Discord                  Hex            ######....   99%         8    None
 Tornado                  Air            #######...   99%         9    ####...
 Controlled Blink         Tloc           N/A          100%        8    None
 Disjunction              Tloc           ######....   100%        8    None
 Ignition                 Fire           #####.....   100%        8    None
 Shatter                  Erth           #######...   100%        9    ####...


Dungeon Overview and Level Annotations

Branches:
Dungeon (15/15)            Temple (0/1) D:6            Lair (6/6) D:10
  Swamp (4/4) Lair:3        Snake (4/4) Lair:4        Slime (0/5) Lair:6
    Orc (2/2) D:11            Elf (3/3) Orc:2        Vaults (5/5) D:14
  Crypt (3/3) Vaults:2       Tomb (0/3) Crypt:3      Depths (5/5) D:15
    Zot (5/5) Depths:5

Altars:
Ashenzari
Cheibriados
Dithmenos
Gozag
Hepliaklqana
Kikubaaqudgha
Makhleb
Okawaru
Ru
Sif Muna
Trog
Uskayaw
Vehumet
Wu Jian
Xom
Yredelemnul
Zin
The Shining One
Beogh
Jiyva

Shops:
D:8 }   D:9 :   Orc:2 ([(*   Elf:1 *   Elf:2 }   Snake:1 (%   Snake:3 %==}=[!
Vaults:2 [!

Portals:
Hell: Depths:1 Depths:2 Depths:3 Depths:4 Depths:5
Abyss: Depths:1 Depths:4 Depths:5
Pandemonium: Depths:3 Depths:5
Ziggurat: Depths:4

Annotations:
D:7 1 runed door, CrazyArbalest's ghost, novice BaHu
D:10 3 runed doors, trianova's ghost, journeyman DEFE
Swamp:1 1 runed door, Ycsiunue's ghost, adept DsWr
Snake:4 1 runed door, Folque's ghost, adept DsAr
Depths:3 exclusion: downstairs


Innate Abilities, Weirdness & Mutations

Shadows flee at your approach. (+LOS)
You can swim through water.
You cover ground slowly.
You can hop long distances.
You have large cloven feet.
You are agile. (Dex +2)
Scrolls take you longer to read.
You possess an exceptional clarity of mind.
Armour fits poorly on your strangely shaped body.
Your body sometimes deteriorates upon taking damage.
Your system is resistant to poisons. (rPois)


Message History

Some rock shatters into small pieces.
The cacodemon gestures at you. You resist with almost no effort.
The Ice Fiend misses you. You block the Ice Fiend's attack.
The cacodemon misses you. The cacodemon hits you.
You block the Ice Fiend's attack. The Ice Fiend completely misses you.
The cacodemon gestures at you. The bolt of energy hits you!
The Ice Fiend gestures at you. The bolt of cold misses you.
The cacodemon hits you but does no damage.
You block the cacodemon's attack. The sixfirhy completely misses you.
You block the sixfirhy's attack. The sixfirhy completely misses you.
The Ice Fiend completely misses you. You block the Ice Fiend's attack.
The Ice Fiend misses you. The Ice Fiend closely misses you.
The sixfirhy closely misses you.
There is a staircase leading out of the dungeon here.
You block the cacodemon's attack. x2; The Ice Fiend claws you!
The Ice Fiend freezes you. You resist. The Ice Fiend misses you.
You have escaped!

####.##......###.####...###.#.#.#
#.##..........# #...##.......
####.##......###.####...###.#.#.#
.......).........................
####.##..#..............###.#.#.#
####.##..#..####..###...........>
........................###.#.#.#
...(...........123......##[##....
####.##.#.......@.......##.......
# #.##.#..................##.#..
####.##.#..................##.#..
........#...#########......##.#..
......#.#........................
.................................
.................................
......#.#.........#....#######+##
###...#.#.........##...# #.#


You could see an Ice Fiend, a cacodemon and a sixfirhy.

Vanquished Creatures
  3 orbs of fire
  Khufu (Crypt:1)
  7 ancient liches
  2 juggernauts
  A Killer Klown (Zot:5)
  3 curse toes
  A caustic shrike (Depths:2)
  4 golden dragons
  A bone dragon (Crypt:3)
  2 profane servitors
  2 electric golems (Zot:5)
  15 tentacled monstrosities
  13 Orb Guardians
  3 deep elf blademasters
  4 titans
  3 liches
  4 quicksilver dragons
  6 sphinxes
  4 acid blobs (Zot:1)
  2 ancient champions
  An Executioner (Zot:4)
  Kirke (Swamp:2)
  3 thorn hunters
  5 death cobs
  8 shadow dragons
  A revenant (Crypt:1)
  5 tengu reavers
  4 draconian monks
  15 storm dragons
  2 daevas (Depths:4)
  2 nagarajas
  4 draconian knights
  17 vault wardens
  5 ghost moths
  7 fire giants
  4 frost giants
  6 deep elf sorcerers
  7 draconian scorchers
  2 curse skulls (Crypt:2)
  6 draconian stormcallers
  A cacodemon (Depths:1)
  A ghoul (Vaults:5)
  3 draconian shifters
  An angel (Depths:4)
  A spriggan defender (Depths:2)
  2 draconian annihilators (Zot:2)
  8 ironheart preservers
  A reaper (Depths:4)
  9 very ugly things
  15 stone giants
  4 war gargoyles
  5 deep elf elementalists
  5 green draconians
  5 vampire knights
  4 deep elf demonologists
  7 purple draconians
  13 yellow draconians
  A lorocyproca (Depths:3)
  6 deep elf annihilators
  5 white draconians
  7 spark wasps
  7 black draconians
  5 red draconians
  The ghost of Lotustiryo the Archer, a journeyman SpAr of Nemelex Xobeh (Snake:2)
  2 green deaths
  3 deep elf death magi
  A mummy priest (Crypt:2)
  5 crystal guardians
  4 ettins
  3 fire dragons
  3 deep elf high priests (Elf:3)
  3 jiangshi (Crypt:1)
  The ghost of buskinjo the Carver, a journeyman OpFi of Gozag (D:11)
  7 naga warriors
  29 vault guards
  12 yaktaur captains
  4 great orbs of eyes
  10 rakshasas
  3 ice dragons
  3 spriggan air magi
  10 hydras
  2 hell beasts (Swamp:4)
  A ghost crab (Swamp:2)
  2 anacondas
  11 two-headed ogres
  7 alligators
  2 centaur warriors
  An alligator snapping turtle (shapeshifter) (Elf:1)
  A satyr (shapeshifter) (Vaults:5)
  3 death knights
  5 ogre magi
  42 dancing weapons
  A deep troll shaman (Vaults:4)
  4 spriggan berserkers
  2 tengu warriors (Depths:3)
  A thrashing horror (Swamp:4)
  A death yak (Lair:6)
  An orc high priest (Crypt:2)
  4 naga sharpshooters
  A large abomination (Swamp:4)
  The ghost of beigtais the Thaumaturge, a novice DsWz of Vehumet (D:11)
  6 vampire magi
  3 deep troll earth magi
  A shock serpent (Snake:3)
  Sonja (D:11)
  A soul eater (Zot:2)
  20 deep elf knights
  A sun demon (Depths:2)
  8 skeletal warriors
  5 hell knights
  2 shadow wraiths (Vaults:3)
  A sixfirhy (Depths:3)
  2 sea snakes (Snake:3)
  2 unseen horrors
  A salamander mystic (Snake:4)
  A shadow demon (D:9)
  A storm dragon skeleton (Crypt:3)
  7 deep trolls
  A golden dragon zombie (Crypt:3)
  A gelid demonspawn (Depths:3)
  4 glowing orange brains
  A tengu zombie (Vaults:4)
  3 cherubim (Depths:4)
  2 spriggan druids
  6 deep elf archers
  3 naga ritualists
  2 shambling mangroves (Swamp:2)
  6 swamp dragons
  5 orc knights
  5 wizards
  4 flayed ghosts
  10 harpies
  A lindwurm (Lair:6)
  8 ironbrand convokers
  2 phantasmal warriors
  A sphinx zombie (Depths:2)
  4 orc sorcerers
  8 necromancers
  8 mana vipers
  A fire giant zombie (Crypt:2)
  4 cyclopes
  A wolf spider zombie (D:15)
  45 deep elf magi
  A sphinx skeleton (Vaults:2)
  A mana viper (shapeshifter) (Vaults:5)
  A shadow dragon skeleton (Crypt:1)
  2 wolf spiders
  A manticore (Lair:6)
  17 ugly things
  An oklob plant (Zot:1)
  A manticore (shapeshifter) (Depths:3)
  2 salamanders
  16 moths of wrath
  An elephant (shapeshifter) (Depths:5)
  An elf zombie (Depths:2)
  6 centaur zombies
  3 human zombies
  20 black mambas
  A fire giant skeleton (Crypt:3)
  2 torpor snails (Lair:1)
  A rust devil (D:9)
  A stone giant skeleton (Crypt:2)
  3 gargoyles
  A frost giant skeleton (Depths:2)
  3 guardian serpents (Snake:4)
  14 vault sentinels
  A naga mage (Snake:4)
  9 spiny frogs
  An orange demon (Swamp:4)
  2 kobold demonologists (Crypt:2)
  A shock serpent skeleton (Crypt:3)
  A swamp worm zombie (Crypt:2)
  2 komodo dragons
  5 freezing wraiths
  An ice devil (D:9)
  2 guardian mummies (Crypt:1)
  11 yaktaurs
  A red devil (Depths:1)
  A meliai (Lair:4)
  5 trolls
  A hydra zombie (Crypt:3)
  A tengu conjurer (Depths:2)
  A harpy zombie (Crypt:2)
  4 polar bears
  A queen bee (Lair:4)
  Grinder (D:6)
  9 tyrant leeches
  A blink frog (Lair:6)
  2 ice dragon zombies
  A dream sheep (Lair:6)
  6 bog bodies
  A hippogriff (shapeshifter) (Vaults:1)
  24 slime creatures
  6 hornets
  4 hippogriffs
  An ettin zombie (Depths:2)
  2 raiju (Lair:6)
  A stone giant simulacrum (Vaults:1)
  A fire giant simulacrum (Vaults:2)
  2 ynoxinuls
  A fire dragon skeleton (Crypt:2)
  A wyvern (Lair:6)
  27 flying skulls
  2 shadows
  5 spriggans
  6 water elementals
  An air elemental (Elf:2)
  An alligator skeleton (Crypt:3)
  A shock serpent simulacrum (Crypt:2)
  A wraith (D:12)
  3 fire elementals (Elf:3)
  A hog (Swamp:2)
  2 basilisks
  20 yaks
  A neqoxec (Depths:3)
  2 human simulacra (Vaults:1)
  7 humans
  A steam dragon (D:11)
  A golden eye (shapeshifter) (Vaults:3)
  2 vampire mosquitoes
  Menkaure (D:6)
  6 insubstantial wisps (Swamp:3)
  A deep troll zombie (Crypt:1)
  A spatial vortex (Crypt:2)
  A warg (Lair:6)
  A soldier ant (D:15)
  10 nagas
  10 swamp worms
  A glowing shapeshifter zombie (Crypt:1)
  4 water moccasins
  A floating eye (shapeshifter) (Vaults:4)
  2 porcupines
  2 hell hounds (Lair:6)
  5 swamp drakes
  5 black bears
  10 orc warriors
  2 sky beasts
  A hornet zombie (D:15)
  A manticore zombie (Crypt:3)
  A phantom (D:13)
  A sky beast (shapeshifter) (Vaults:5)
  An eye of draining (shapeshifter) (D:15)
  11 ogres
  A black bear (shapeshifter) (Elf:3)
  3 boggarts
  4 necrophages
  3 wolves
  6 centaurs
  An elephant skeleton (Crypt:2)
  3 crocodiles (Lair:6)
  3 earth elementals
  12 bullfrogs
  A scorpion (Lair:4)
  3 wyvern skeletons
  9 killer bees
  3 wights
  An electric eel (Lair:3)
  5 crimson imps
  A bullfrog zombie (D:9)
  2 quasits
  6 orc priests
  11 jellies
  A human skeleton (Crypt:1)
  3 hounds
  2 orc wizards
  5 centaur skeletons
  4 iguanas
  4 worker ants
  A killer bee zombie (D:8)
  2 hound skeletons
  7 mummies (Crypt:1)
  A worker ant zombie (D:6)
  A river rat (D:5)
  4 adders
  3 shadow imps
  An ooze (D:3)
  An iguana skeleton (Crypt:2)
  A worm (D:3)
  7 leopard geckos
  25 orcs
  4 bats
  5 giant cockroaches
  5 goblins
  3 hobgoblins
  4 jackals (D:8)
  2 quokkas
  4 ball pythons
  3 frilled lizards
  A jackal zombie (Crypt:2)
  6 kobolds
  A quokka skeleton (D:5)
  5 rats
  2 plants
  4 spectral weapons
1276 creatures vanquished.

Vanquished Creatures (collateral kills)
  A pandemonium lord (Zot:4)
  An ancient lich (Zot:5)
  An orb of fire (Zot:5)
  Vashnia (Snake:4)
  A curse toe (Zot:4)
  A Killer Klown (Zot:5)
  Saint Roka (Orc:2)
  3 golden dragons
  A profane servitor (Zot:5)
  the Enchantress (Depths:4)
  A pearl dragon (Depths:4)
  4 tentacled monstrosities
  Rupert (D:13)
  Asterion (Elf:1)
  11 Orb Guardians
  3 acid blobs (Zot:1)
  A titan (Vaults:5)
  2 death cobs
  Frances (D:13)
  7 tengu reavers
  A sphinx (Vaults:4)
  2 ancient champions (Crypt:2)
  Gastronok (D:10)
  A thorn hunter (Swamp:4)
  2 draconian monks
  8 shadow dragons
  3 storm dragons
  A daeva (Depths:4)
  Roxanne (Snake:1)
  5 fire giants
  3 draconian scorchers
  9 nagarajas
  A balrug (Depths:2)
  A draconian knight (Zot:3)
  4 draconian shifters
  An iron dragon (Depths:4)
  4 deep elf sorcerers
  3 vault wardens
  A frost giant (Depths:3)
  3 spriggan defenders (Depths:4)
  3 draconian stormcallers
  3 draconian annihilators
  2 ironheart preservers
  2 angels (Depths:4)
  2 ghouls
  8 very ugly things
  A deep elf elementalist (Elf:3)
  2 war gargoyles
  13 stone giants
  Nessos (D:15)
  A green draconian (Zot:4)
  4 red draconians
  4 deep elf annihilators (Elf:3)
  2 vampire knights
  4 black draconians
  A deep elf demonologist (Vaults:5)
  8 white draconians
  4 purple draconians
  2 eidola
  10 yellow draconians
  A minotaur (shapeshifter) (Vaults:5)
  4 deep elf death magi
  A green death (Swamp:4)
  4 fire dragons
  A death ooze (Swamp:4)
  5 ettins
  7 yaktaur captains
  A great orb of eyes (Vaults:1)
  2 jiangshi (Crypt:1)
  2 deep elf high priests (Elf:3)
  Josephine (D:12)
  A quicksilver dragon zombie (Crypt:1)
  Fannar (D:12)
  5 ice dragons
  A quicksilver dragon skeleton (Crypt:1)
  A hell beast (D:12)
  5 ogre magi
  The ghost of Jaiteiro the Spear-Bearer, a journeyman DDFi of Makhleb (D:11)
  14 naga warriors
  5 rakshasas
  2 vault guards (Vaults:4)
  9 hydras
  3 spriggan air magi
  8 centaur warriors
  A catoblepas (Lair:6)
  2 anacondas (Snake:3)
  9 two-headed ogres
  4 tengu warriors
  6 alligators
  4 death knights
  2 death yaks (Lair:6)
  A deep troll shaman (Depths:2)
  3 deep troll earth magi
  A vampire mage (Crypt:1)
  14 naga sharpshooters
  An orc high priest (Crypt:2)
  3 shock serpents
  7 deep elf knights
  2 spriggan berserkers (Depths:1)
  A spectral storm dragon (Crypt:2)
  Nergalle (Lair:3)
  The ghost of Tommers the Covert, a journeyman SpAs of Yredelemnul (D:11)
  4 spriggans
  2 soul eaters
  3 sun demons
  4 hell knights
  A shadow wraith (Vaults:5)
  2 sixfirhies (Depths:1)
  3 salamander mystics
  An unseen horror (D:10)
  15 skeletal warriors
  4 naga ritualists
  3 cherubim (Depths:4)
  A golden dragon zombie (Crypt:3)
  A glowing orange brain (Depths:2)
  A shadow demon (Depths:1)
  10 deep elf archers
  A glowing orange brain (shapeshifter) (Depths:2)
  11 ironbrand convokers
  6 deep trolls
  4 wizards
  A storm dragon skeleton (Crypt:2)
  3 swamp dragons
  6 harpies
  An anaconda skeleton (Crypt:3)
  A phantasmal warrior (Crypt:2)
  Pikel (D:4)
  3 shambling mangroves
  A flayed ghost (Crypt:1)
  6 necromancers
  6 orc knights
  An iron dragon zombie (Crypt:2)
  31 deep elf magi
  A mana viper (shapeshifter) (Vaults:1)
  22 ugly things
  2 mana vipers
  A lindwurm (Lair:6)
  A frost giant zombie (D:15)
  8 salamanders
  An oklob plant (Zot:1)
  3 orc sorcerers
  A sphinx skeleton (Crypt:2)
  2 wolf spiders
  6 cyclopes
  3 manticores
  5 moths of wrath
  14 black mambas
  A fire giant skeleton (Vaults:2)
  A stone giant skeleton (Crypt:3)
  8 vault sentinels
  Maurice (D:13)
  6 naga magi
  5 guardian serpents
  A smoke demon (D:3)
  A rust devil (Zot:1)
  A shock serpent skeleton (Crypt:2)
  14 spiny frogs
  A storm dragon simulacrum (Crypt:2)
  An orange demon (Depths:3)
  2 gargoyles
  5 torpor snails
  An emperor scorpion zombie (Crypt:2)
  An alligator snapping turtle zombie (Crypt:2)
  3 rime drakes
  20 yaktaurs
  A yaktaur (shapeshifter) (Vaults:3)
  2 efreet (D:14)
  2 kobold demonologists (D:13)
  6 komodo dragons
  A komodo dragon (shapeshifter) (Elf:1)
  2 freezing wraiths
  11 trolls
  2 human skeletons
  A yaktaur skeleton (Vaults:4)
  3 tengu conjurers
  8 tyrant leeches
  2 meliai (Lair:4)
  9 polar bears
  A fire dragon zombie (D:15)
  28 slime creatures
  4 blink frogs (Lair:6)
  A large abomination (Swamp:4)
  13 hornets
  13 bog bodies
  5 dream sheep (Lair:6)
  8 hippogriffs
  A deep troll zombie (D:15)
  A harpy skeleton (D:14)
  A raiju (Lair:6)
  10 flying skulls (Crypt:3)
  A stone giant simulacrum (Vaults:1)
  Sigmund (D:2)
  2 vampires
  An air elemental (Elf:3)
  16 humans (D:14)
  9 shadows
  3 wyverns
  A basilisk (shapeshifter) (Vaults:3)
  8 wraiths
  2 golden eyes (shapeshifter)
  2 hogs (Swamp:2)
  36 yaks
  A fire elemental (Elf:3)
  2 hungry ghosts (D:14)
  8 vampire mosquitoes
  8 basilisks
  2 steam dragons
  2 neqoxecs
  A soldier ant (D:14)
  19 swamp worms
  A soldier ant (shapeshifter) (Depths:2)
  An acid dragon (D:11)
  5 wargs
  35 nagas
  10 water moccasins
  A floating eye (Depths:2)
  6 porcupines
  22 orc warriors
  5 swamp drakes
  12 hell hounds (Lair:6)
  A hornet zombie (D:6)
  An ettin simulacrum (Vaults:3)
  8 black bears
  A sky beast (D:15)
  4 ice beasts
  2 necrophages
  2 phantoms (D:11)
  An eye of draining (D:11)
  20 wolves
  5 boggarts
  25 ogres
  7 crocodiles
  6 centaurs
  6 big kobolds
  22 bullfrogs
  The ghost of Irenicus the Scratcher, an amateur FeCK of Xom (D:5)
  A wyvern zombie (D:12)
  4 scorpions
  23 killer bees
  A raiju skeleton (Crypt:2)
  13 wights
  3 howler monkeys
  A wolf zombie (Crypt:1)
  A lava snake (D:12)
  6 crimson imps
  A human simulacrum (Vaults:4)
  2 quasits
  3 centaur zombies
  12 orc priests
  3 hounds
  9 jellies
  11 orc wizards
  4 centaur skeletons
  Crazy Yiuf (D:6)
  5 iguanas
  3 worker ants
  A crocodile zombie (Crypt:1)
  A demigod zombie (Crypt:1)
  A dwarf zombie (Crypt:1)
  2 worker ant zombies
  6 adders
  5 shadow imps
  A white imp (Depths:3)
  3 ufetubi
  2 adder skeletons
  2 worms (D:2)
  A leopard gecko (D:2)
  54 orcs
  A bat (D:3)
  A giant cockroach (D:1)
  5 goblins
  6 hobgoblins
  2 jackals
  A quokka (D:3)
  A ball python (D:5)
  A frilled lizard (D:1)
  13 kobolds
  A kobold skeleton (Crypt:2)
  6 rats (D:1)
  A fungus (Lair:6)
  A plant (D:12)
  A withered plant (D:15)
1303 creatures vanquished.

Vanquished Creatures (others)
  2 draconian knights
  An ettin (Vaults:5)
  2 vault guards (Vaults:5)
  A dancing weapon (Crypt:3)
  A deep elf knight (Elf:3)
  3 moths of wrath (Zot:5)
  A freezing wraith (Vaults:2)
  A red devil (D:11)
  5 dream sheep (D:4)
  A large abomination (D:11)
  A naga (Snake:4)
  An orc warrior (Vaults:5)
  A killer bee (shapeshifter) (Vaults:5)
  An orc priest (Vaults:5)
  7 fungi
  15 plants
  8 spectral weapons
  3 withered plants
55 creatures vanquished.

Grand Total: 2634 creatures vanquished

Notes
Turn   | Place    | Note
-------+----------+-------------------------------------------
     0 | D:1      | Zebedee the Barachi Summoner began the quest for the Orb.
     0 | D:1      | Reached XP level 1. HP: 13/13 MP: 3/3
   113 | D:1      | Reached skill level 5 in Summonings
   352 | D:1      | Reached XP level 2. HP: 1/19 MP: 0/5
   640 | D:1      | Learned a level 2 spell: Call Imp
  2060 | D:2      | Reached XP level 3. HP: 17/25 MP: 1/7
  2592 | D:2      | Found a sacrificial altar of Ru.
  2609 | D:2      | Reached skill level 1 in Armour
  2782 | D:2      | Noticed Sigmund
  2797 | D:2      | Killed Sigmund
  2797 | D:2      | Reached skill level 1 in Fighting
  2797 | D:2      | Reached XP level 4. HP: 32/32 MP: 0/9
  2797 | D:2      | Reached XP level 5. HP: 37/37 MP: 0/10
  2865 | D:2      | Learned a level 3 spell: Call Canine Familiar
  2922 | D:2      | Found a bloodstained altar of Trog.
  3138 | D:2      | Found a hazy altar of Hepliaklqana.
  4158 | D:3      | Found a radiant altar of Vehumet.
  4203 | D:4      | Reached skill level 1 in Short Blades
  4227 | D:4      | Reached XP level 6. HP: 29/43 MP: 11/11
  4336 | D:4      | Learned a level 4 spell: Summon Lightning Spire
  4762 | D:4      | Reached skill level 2 in Fighting
  4945 | D:4      | Noticed a slave
  4947 | D:4      | Noticed Pikel
  4950 | D:4      | Noticed a slave
  4952 | D:4      | Noticed a slave
  4952 | D:4      | Noticed a slave
  4975 | D:4      | Killed Pikel
  4975 | D:4      | Reached skill level 3 in Fighting
  4975 | D:4      | Reached XP level 7. HP: 7/52 MP: 4/13
  5293 | D:4      | Found an ancient bone altar of Kikubaaqudgha.
  5321 | D:4      | Found a shimmering altar of Xom.
  5321 | D:4      | Noticed a dream sheep
  5321 | D:4      | Noticed a dream sheep
  5321 | D:4      | Noticed a dream sheep
  5321 | D:4      | Noticed a dream sheep
  5321 | D:4      | Noticed a dream sheep
  5325 | D:4      | Killed a dream sheep
  5326 | D:4      | Killed a dream sheep
  5326 | D:4      | Killed a dream sheep
  5326 | D:4      | Killed a dream sheep
  5326 | D:4      | Killed a dream sheep
  5515 | D:4      | Found a snail-covered altar of Cheibriados.
  5569 | D:4      | Became a worshipper of Cheibriados the Contemplative
  5667 | D:5      | Entered Level 5 of the Dungeon
  5845 | D:5      | Reached skill level 4 in Fighting
  5858 | D:5      | Found a deep blue altar of Sif Muna.
  5893 | D:5      | Reached XP level 8. HP: 42/60 MP: 9/15
  6015 | D:5      | Found a basalt altar of Yredelemnul.
  6017 | D:5      | Found an opulent altar of Gozag.
  6366 | D:5      | Found a runed door.
  6375 | D:5      | Noticed Irenicus's ghost (amateur FeCK)
  6416 | D:5      | Killed Irenicus's ghost
  6416 | D:5      | Reached skill level 5 in Spellcasting
  6421 | D:5      | Found a runed door.
  7114 | D:6      | Found a staircase to the Ecumenical Temple.
  7131 | D:6      | Found a burning altar of Makhleb.
  7152 | D:6      | Reached * piety under Cheibriados
  7154 | D:6      | Noticed Grinder
  7173 | D:6      | Killed Grinder
  7583 | D:6      | Reached skill level 5 in Fighting
  7763 | D:6      | Found a shadowy altar of Dithmenos.
  7829 | D:6      | Reached skill level 1 in Shields
  7950 | D:6      | Found a hide-covered altar of Uskayaw.
  8291 | D:6      | Found an ornate altar of the Wu Jian Council.
  8396 | D:6      | Reached XP level 9. HP: 25/68 MP: 11/17
  8682 | D:6      | Found a runed door.
  8750 | D:6      | Noticed Menkaure
  8761 | D:6      | Killed Menkaure
  9153 | D:6      | Noticed Crazy Yiuf
  9160 | D:6      | Killed Crazy Yiuf
  9584 | D:7      | Reached ** piety under Cheibriados
  9688 | D:7      | Learned a level 3 spell: Summon Guardian Golem
  9756 | D:7      | Found a runed door.
  9966 | D:7      | Noticed CrazyArbalest's ghost (novice BaHu)
 10012 | D:7      | Found an iron altar of Okawaru.
 10368 | D:8      | Learned a level 4 spell: Summon Ice Beast
 10553 | D:8      | Reached skill level 5 in Air Magic
 10605 | D:8      | Found Ossebus's Gadget Emporium.
 10634 | D:8      | Reached skill level 6 in Fighting
 10640 | D:8      | Reached skill level 1 in Hexes
 10655 | D:8      | Got a crude dagger
 10671 | D:8      | Identified the +3 dagger "Vocsusk" {pierce, *Contam rPois
                  | rF++ Str+4} (You found it on level 8 of the Dungeon)
 10735 | D:8      | Gained mutation: You occasionally shout uncontrollably at
                  | your foes. [potion of mutation]
 10735 | D:8      | Gained mutation: You have a somewhat thin skeletal
                  | structure. (Dex +2, Stealth) [potion of mutation]
 10736 | D:8      | Lost mutation: You occasionally shout uncontrollably at
                  | your foes. [potion of mutation]
 10736 | D:8      | Lost mutation: You have a somewhat thin skeletal structure.
                  | (Dex +2, Stealth) [potion of mutation]
 10736 | D:8      | Gained mutation: You have large cloven feet. [potion of
                  | mutation]
 10736 | D:8      | Gained mutation: You have a pair of small antennae on your
                  | head. [potion of mutation]
 10736 | D:8      | Gained mutation: You are partially covered in molten
                  | scales. (AC +2) [potion of mutation]
 10736 | D:8      | Gained mutation: You are agile. (Dex +2) [potion of
                  | mutation]
 11041 | D:8      | Reached *** piety under Cheibriados
 11920 | D:9      | Found Teus's Book Shoppe.
 11921 | D:9      | Noticed a troll
 11932 | D:9      | Killed a troll
 11993 | D:9      | Bought a book of Minor Magic for 280 gold pieces
 11996 | D:9      | Learned a level 2 spell: Blink
 12020 | D:9      | Reached XP level 10. HP: 77/77 MP: 18/20
 12042 | D:9      | Found a shattered altar of Ashenzari.
 12482 | D:10     | Entered Level 10 of the Dungeon
 12520 | D:10     | Reached skill level 1 in Ice Magic
 12523 | D:10     | Reached **** piety under Cheibriados
 12523 | D:10     | Reached skill level 1 in Translocations
 12616 | D:10     | Found a staircase to the Lair.
 12640 | D:10     | Found a runed gate.
 12640 | D:10     | Found a runed gate.
 12640 | D:10     | Found a runed gate.
 12663 | D:10     | Noticed an unseen horror
 12713 | D:10     | Killed an unseen horror
 12836 | D:10     | Noticed Gastronok
 12852 | D:10     | Killed Gastronok
 12852 | D:10     | Reached skill level 7 in Fighting
 12988 | D:10     | Noticed trianova's ghost (journeyman DEFE)
 13372 | D:11     | Found a staircase to the Orcish Mines.
 13434 | D:11     | Noticed a gargoyle
 13439 | D:11     | Reached skill level 10 in Summonings
 13440 | D:11     | Killed a gargoyle
 13441 | D:11     | Noticed an orc knight
 13442 | D:11     | Noticed a green ugly thing
 13453 | D:11     | Killed a green ugly thing
 13453 | D:11     | Reached ***** piety under Cheibriados
 13453 | D:11     | Reached XP level 11. HP: 64/84 MP: 14/22
 13468 | D:11     | Killed an orc knight
 13480 | D:11     | Noticed a centaur warrior
 13490 | D:11     | Killed a centaur warrior
 13542 | D:11     | Got a scorched ivory ring
 13543 | D:11     | Identified the ring of Jalirat {rPois Str-4 Int+7 Slay+2}
                  | (You found it on level 11 of the Dungeon)
 13600 | D:11     | Noticed a centaur warrior
 13629 | D:11     | Killed a centaur warrior
 13629 | D:11     | Reached skill level 5 in Hexes
 13665 | D:11     | Got a coiled golden amulet
 13729 | D:11     | Learned a level 6 spell: Deflect Missiles
 13757 | D:11     | Identified the amulet "Ryphidoveo" {Harm *Drain Slay+3}
                  | (You took it off a centaur warrior on level 11 of the
                  | Dungeon)
 14228 | D:11     | Reached skill level 1 in Invocations
 14236 | D:11     | Reached skill level 1 in Polearms
 14358 | D:11     | Noticed beigtais's ghost (novice DsWz)
 14358 | D:11     | Noticed buskinjo's ghost (journeyman OpFi)
 14359 | D:11     | Found a runed gate.
 14359 | D:11     | Found a runed gate.
 14359 | D:11     | Noticed Tommers's ghost (journeyman SpAs)
 14360 | D:11     | Found a runed gate.
 14360 | D:11     | Noticed Jaiteiro's ghost (journeyman DDFi)
 14375 | D:11     | Noticed Sonja
 14571 | D:11     | Reached ****** piety under Cheibriados
 14583 | D:11     | Learned a level 3 spell: Regeneration
 14638 | D:11     | Killed Sonja
 14638 | D:11     | Reached skill level 1 in Charms
 14925 | D:12     | Noticed a cyclops
 14929 | D:12     | Noticed Fannar
 14949 | D:12     | Killed a cyclops
 14955 | D:12     | Killed Fannar
 14978 | D:12     | Reached skill level 5 in Ice Magic
 15083 | D:12     | Noticed a cyclops
 15091 | D:12     | Killed a cyclops
 15109 | D:12     | Noticed a manticore
 15114 | D:12     | Killed a manticore
 15117 | D:12     | Reached skill level 1 in Necromancy
 15401 | D:12     | Noticed Josephine
 15405 | D:12     | Reached XP level 12. HP: 90/91 MP: 18/24
 15407 | D:12     | Killed Josephine
 15494 | D:12     | Learned a level 3 spell: Spectral Weapon
 15782 | D:12     | Noticed a two-headed ogre
 15785 | D:12     | Killed a two-headed ogre
 15964 | D:13     | Noticed Maurice
 15976 | D:13     | Killed Maurice
 16112 | D:13     | Noticed Rupert
 16131 | D:13     | Killed Rupert
 16319 | D:13     | Noticed Frances
 16325 | D:13     | Killed Frances
 16696 | D:13     | Reached skill level 5 in Polearms
 17403 | D:14     | Reached skill level 5 in Charms
 17405 | D:14     | Gained mutation: You can hop long distances. [Barachi
                  | growth]
 17405 | D:14     | Reached XP level 13. HP: 98/98 MP: 12/26
 18297 | D:14     | Reached skill level 10 in Spellcasting
 18412 | D:14     | Reached skill level 8 in Fighting
 18599 | D:14     | Found a gate to the Vaults.
 18599 | D:14     | Noticed a vault guard
 18618 | D:14     | Killed a vault guard
 18873 | D:14     | Got a jewelled hand axe
 18874 | D:14     | Identified the +5 hand axe "Death Rattle" {speed, +Fly rC++
                  | Dex-3} (You found it on level 14 of the Dungeon)
 19289 | D:14     | Reached skill level 5 in Invocations
 19528 | D:15     | Entered Level 15 of the Dungeon
 19809 | D:15     | Found a staircase to the Depths.
 20063 | D:15     | Learned a level 5 spell: Borgnjor's Vile Clutch
 20087 | D:15     | Noticed Nessos
 20097 | D:15     | Killed Nessos
 20517 | Lair:1   | Entered Level 1 of the Lair of Beasts
 20775 | Lair:1   | Found a snail-covered altar of Cheibriados.
 20781 | Lair:1   | Reached XP level 14. HP: 104/104 MP: 25/28
 22110 | Lair:3   | Noticed Nergalle
 22121 | Lair:3   | Killed Nergalle
 22403 | Lair:3   | Found a staircase to the Swamp.
 22960 | Lair:4   | Got a crystal flail
 22961 | Lair:4   | Identified the +5 flail of the Scars {holy, MR++} (You
                  | found it on level 4 of the Lair of Beasts)
 23006 | Lair:4   | Found a staircase to the Snake Pit.
 23770 | Lair:5   | Reached skill level 1 in Earth Magic
 23846 | Lair:5   | Found a bloodstained altar of Trog.
 23879 | Lair:5   | Reached skill level 10 in Air Magic
 24266 | Lair:6   | Entered Level 6 of the Lair of Beasts
 24342 | Lair:6   | Found a staircase to the Slime Pits.
 24342 | Lair:6   | Found a viscous altar of Jiyva.
 24367 | Lair:6   | Got a slimy trident
 24368 | Lair:6   | Identified the +10 trident of the Saviour {pierce, *Rage
                  | rElec Int+3 Dex+7} (You found it on level 6 of the Lair of
                  | Beasts)
 24489 | Lair:6   | Reached skill level 5 in Necromancy
 24505 | Lair:6   | Got a transparent chain mail
 25249 | Lair:6   | Reached skill level 5 in Earth Magic
 25259 | Lair:6   | Reached XP level 15. HP: 72/111 MP: 21/29
 25895 | Orc:1    | Entered Level 1 of the Orcish Mines
 26497 | Orc:2    | Entered Level 2 of the Orcish Mines
 26725 | Orc:2    | Identified the +4 chain mail "Wehomulu" {rPois} (You found
                  | it on level 6 of the Lair of Beasts)
 26750 | Orc:2    | Found a roughly hewn altar of Beogh.
 26750 | Orc:2    | Found Mushe's Weapon Shoppe.
 27010 | Orc:2    | Bought a throwing net for 39 gold pieces
 27238 | Orc:2    | Reached skill level 5 in Armour
 27277 | Orc:2    | Found a staircase to the Elven Halls.
 27293 | Orc:2    | Found a roughly hewn altar of Beogh.
 27399 | Orc:2    | Noticed Saint Roka
 27601 | Orc:2    | Killed Saint Roka
 27801 | Orc:2    | Found Sysez's Antique Weapon Emporium.
 27801 | Orc:2    | Found a roughly hewn altar of Beogh.
 27803 | Orc:2    | Found Vavudar's Antique Armour Shoppe.
 27818 | Orc:2    | Bought a pair of smoking gloves for 228 gold pieces
 27828 | Orc:2    | Identified the cursed -5 pair of gloves of Xaaresm {Regen+
                  | MP-9 Dex+2} (You bought it in a shop on level 2 of the
                  | Orcish Mines)
 27904 | Orc:2    | Found Yrphugis's Assorted Antiques.
 27909 | Orc:2    | Bought a potion of curing for 102 gold pieces
 27909 | Orc:2    | Bought 2 scrolls of magic mapping for 238 gold pieces
 27909 | Orc:2    | Bought a scroll of amnesia for 119 gold pieces
 27909 | Orc:2    | Bought a scroll of amnesia for 119 gold pieces
 28175 | Orc:2    | Found a roughly hewn altar of Beogh.
 28235 | Orc:2    | Bought a pair of embroidered gloves for 180 gold pieces
 28464 | Snake:1  | Entered Level 1 of the Snake Pit
 28644 | Snake:1  | Noticed Roxanne
 28744 | Snake:1  | Killed Roxanne
 28754 | Snake:1  | Identified Roxanne's Collected Works on Transformation (You
                  | took it off Roxanne on level 1 of the Snake Pit)
 29091 | Snake:1  | Found Ihorath's Weapon Shop.
 29379 | Snake:1  | Found Elosmy's Food Shoppe.
 29937 | Snake:2  | Found a runed door.
 29937 | Snake:2  | Noticed Lotustiryo's ghost (journeyman SpAr)
 29955 | Snake:2  | Killed Lotustiryo's ghost
 30030 | Snake:2  | Reached skill level 10 in Armour
 31393 | Snake:3  | Found Owaesm's Distillery.
 31418 | Snake:3  | Bought a potion of magic for 160 gold pieces
 31418 | Snake:3  | Bought a potion of heal wounds for 100 gold pieces
 31418 | Snake:3  | Bought a potion of heal wounds for 100 gold pieces
 31467 | Snake:3  | Found Punekh's Armour Shoppe.
 31481 | Snake:3  | Bought a +0 shield for 49 gold pieces
 31585 | Snake:3  | Reached XP level 16. HP: 97/118 MP: 27/30
 31694 | Snake:3  | Noticed a nagaraja
 31711 | Snake:3  | Killed a nagaraja
 31797 | Snake:3  | Noticed a nagaraja
 31801 | Snake:3  | Killed a nagaraja
 31877 | Snake:3  | Noticed a nagaraja
 31886 | Snake:3  | Killed a nagaraja
 31942 | Snake:3  | Found Vineqeil's Jewellery Shop.
 32078 | Snake:3  | Found Deorech's Food Shoppe.
 32140 | Snake:3  | Found Wapteiga's Jewellery Emporium.
 32140 | Snake:3  | Found Opixta's Gadget Boutique.
 32141 | Snake:3  | Found Ypito's Jewellery Emporium.
 32151 | Snake:3  | Bought the ring of Xom's Righteous Fury {MR+ Int+3 Slay+2}
                  | for 747 gold pieces
 32272 | Snake:4  | Entered Level 4 of the Snake Pit
 32881 | Snake:4  | Noticed Vashnia
 32888 | Snake:4  | Noticed a nagaraja
 32895 | Snake:4  | Noticed a nagaraja
 32899 | Snake:4  | Killed a nagaraja
 32930 | Snake:4  | Noticed a nagaraja
 32944 | Snake:4  | Killed a nagaraja
 32944 | Snake:4  | Reached skill level 15 in Armour
 33226 | Snake:4  | Killed a nagaraja
 33277 | Snake:4  | Noticed a nagaraja
 33300 | Snake:4  | Killed a nagaraja
 33312 | Snake:4  | Noticed a nagaraja
 33323 | Snake:4  | Killed a nagaraja
 33347 | Snake:4  | Found a runed door.
 33488 | Snake:4  | Noticed a nagaraja
 33506 | Snake:4  | Killed a nagaraja
 33705 | Snake:4  | Noticed a nagaraja
 33706 | Snake:4  | Noticed a nagaraja
 33719 | Snake:4  | Killed a nagaraja
 33727 | Snake:4  | Killed a nagaraja
 33901 | Snake:4  | Noticed Folque's ghost (adept DsAr)
 33929 | Snake:4  | Killed Vashnia
 34196 | Snake:4  | Got a serpentine rune of Zot
 34631 | Vaults:1 | Entered Level 1 of the Vaults
 34659 | Vaults:1 | Reached XP level 17. HP: 115/124 MP: 20/31
 35023 | Vaults:1 | Reached skill level 10 in Invocations
 35337 | Vaults:1 | Learned a level 6 spell: Freezing Cloud
 35481 | Vaults:1 | Reached skill level 9 in Fighting
 35481 | Vaults:1 | Reached skill level 1 in Conjurations
 36832 | Vaults:2 | Reached skill level 5 in Dodging
 36920 | Vaults:2 | Reached skill level 10 in Fighting
 36966 | Vaults:2 | Found Diaprij's Distillery.
 36970 | Vaults:2 | Bought a potion of curing for 39 gold pieces
 36970 | Vaults:2 | Bought a potion of curing for 39 gold pieces
 36985 | Vaults:2 | Found Ywyufep's Antique Armour Shop.
 37049 | Vaults:2 | Bought a runed shield for 277 gold pieces
 37090 | Vaults:2 | Reached skill level 5 in Conjurations
 37106 | Vaults:2 | Reached XP level 18. HP: 103/134 MP: 16/32
 37492 | Vaults:2 | Found a staircase to the Crypt.
 38792 | Vaults:3 | Noticed a tentacled monstrosity
 38797 | Vaults:3 | Reached skill level 10 in Conjurations
 39185 | Swamp:1  | Entered Level 1 of the Swamp
 39192 | Swamp:1  | Found a runed door.
 39192 | Swamp:1  | Noticed Ycsiunue's ghost (adept DsWr)
 40107 | Swamp:2  | Reached XP level 19. HP: 62/140 MP: 9/36
 40266 | Swamp:2  | Noticed Kirke
 40273 | Swamp:2  | Killed Kirke
 41731 | Swamp:4  | Entered Level 4 of the Swamp
 41876 | Swamp:4  | Reached skill level 5 in Shields
 42285 | Swamp:4  | Reached skill level 10 in Polearms
 42433 | Swamp:4  | Got a decaying rune of Zot
 43165 | Vaults:3 | Killed a tentacled monstrosity
 43853 | Vaults:4 | Reached skill level 10 in Shields
 44264 | Vaults:4 | Reached XP level 20. HP: 148/148 MP: 22/38
 45290 | Depths:1 | Entered Level 1 of the Depths
 45848 | Depths:1 | Found a gateway to Hell.
 46022 | Depths:1 | Found a one-way gate to the infinite horrors of the Abyss.
 46561 | Depths:2 | Identified a scroll of acquirement
 46563 | Depths:2 | Got a jewelled hat
 46574 | Depths:2 | Identified the -2 hat "Hiwibod" {Str+4} (You acquired it on
                  | level 2 of the Depths)
 47412 | Depths:2 | Got a shimmering scale mail
 47413 | Depths:2 | Identified the +0 scale mail of Liotita {rPois Stlth+} (You
                  | found it on level 2 of the Depths)
 47459 | Depths:2 | Noticed a caustic shrike
 47474 | Depths:2 | Killed a caustic shrike
 48001 | Depths:2 | Noticed a juggernaut
 48001 | Depths:2 | Paralysed by a floating eye for 2 turns
 48009 | Depths:2 | Killed a juggernaut
 48010 | Depths:2 | Reached XP level 21. HP: 68/154 MP: 7/39
 48699 | Depths:3 | Found a transporter.
 48704 | Depths:3 | Found a deep blue altar of Sif Muna.
 48824 | Depths:3 | Found a glowing golden altar of the Shining One.
 48834 | Depths:3 | Found a runed door.
 48947 | Depths:3 | Gained mutation: Your spells are a little easier to cast,
                  | but a little less powerful. [a neqoxec]
 49147 | Depths:3 | Found a one-way gate leading to the halls of Pandemonium.
 50471 | Depths:3 | Reached skill level 10 in Necromancy
 50564 | Depths:3 | Got a coiled brass ring
 50565 | Depths:3 | Identified the ring of Peace {*Tele +Fly Int+8 SInv} (You
                  | found it on level 3 of the Depths)
 50808 | Depths:4 | Lost mutation: You have a pair of small antennae on your
                  | head. [potion of mutation]
 50808 | Depths:4 | Gained mutation: Your muscles are strong. (Str +2) [potion
                  | of mutation]
 51193 | Snake:3  | Bought a +1 helmet of see invisible for 181 gold pieces
 51249 | Snake:3  | Lost mutation: You have large cloven feet. [potion of
                  | mutation]
 51249 | Snake:3  | Lost mutation: Your muscles are strong. (Str +2) [potion of
                  | mutation]
 51249 | Snake:3  | Lost mutation: You are partially covered in molten scales.
                  | (AC +2) [potion of mutation]
 51249 | Snake:3  | Lost mutation: Your spells are a little easier to cast, but
                  | a little less powerful. [potion of mutation]
 51249 | Snake:3  | Gained mutation: You are dopey. (Int -2) [potion of
                  | mutation]
 51249 | Snake:3  | Gained mutation: Your muscles are strong. (Str +2) [potion
                  | of mutation]
 51249 | Snake:3  | Gained mutation: You possess an exceptional clarity of
                  | mind. [potion of mutation]
 51249 | Snake:3  | Gained mutation: You have a pair of small horns on your
                  | head. [potion of mutation]
 51539 | Orc:2    | Lost mutation: Your muscles are strong. (Str +2) [potion of
                  | mutation]
 51539 | Orc:2    | Lost mutation: You have a pair of small horns on your head.
                  | [potion of mutation]
 51539 | Orc:2    | Lost mutation: You are dopey. (Int -2) [potion of mutation]
 51539 | Orc:2    | Gained mutation: Scrolls take you a little longer to read.
                  | [potion of mutation]
 51539 | Orc:2    | Gained mutation: You are robust. (+10% HP) [potion of
                  | mutation]
 51539 | Orc:2    | Gained mutation: Your system is resistant to poisons.
                  | (rPois) [potion of mutation]
 51539 | Orc:2    | Gained mutation: You have large cloven feet. [potion of
                  | mutation]
 51554 | Orc:2    | Learned a level 6 spell: Simulacrum
 51839 | Snake:3  | Bought the ring of Fallacy {*Drain rElec rF++ MR+ SInv} for
                  | 744 gold pieces
 52138 | Elf:1    | Entered Level 1 of the Elven Halls
 52241 | Elf:1    | Found a radiant altar of Vehumet.
 52467 | Elf:1    | Learned a level 6 spell: Bolt of Cold
 52563 | Elf:1    | Noticed Asterion
 52571 | Elf:1    | Killed Asterion
 53952 | Elf:1    | Identified the Guide on Creative Conjuration
 54094 | Elf:1    | Found Ygisiuteuz's General Store.
 54629 | Elf:2    | Reached skill level 15 in Shields
 54950 | Elf:2    | Found a runed gate.
 54951 | Elf:2    | Found a runed gate.
 54951 | Elf:2    | Found a runed gate.
 55003 | Elf:2    | Found Daaqooc's Gadget Boutique.
 55319 | Elf:2    | Reached XP level 22. HP: 170/177 MP: 0/40
 55338 | Elf:2    | Reached skill level 15 in Spellcasting
 55813 | Elf:3    | Entered Level 3 of the Elven Halls
 55863 | Elf:3    | Reached skill level 11 in Fighting
 56994 | Swamp:4  | Learned a level 7 spell: Spellforged Servitor
 57737 | Elf:3    | Found the +27 Lear's hauberk
 57752 | Elf:3    | Got a glittering lapis lazuli ring
 57760 | Elf:3    | Identified the ring of the Sunfish {Fire Str+7} (You found
                  | it on level 3 of the Elven Halls)
 57801 | Elf:3    | Identified Eveasio's Grimoire of Ashen Curses
 57804 | Elf:3    | Got a clouded golden amulet
 57807 | Elf:3    | Identified the amulet "Juanoelo" {Faith rPois} (You found
                  | it on level 3 of the Elven Halls)
 57909 | Elf:3    | Got a jewelled helmet
 57912 | Elf:3    | Identified the +2 helmet of Egalitarianism {rC+ rN+ Regen+
                  | Stlth-} (You found it on level 3 of the Elven Halls)
 59060 | Crypt:1  | Entered Level 1 of the Crypt
 59717 | D:9      | Bought a book of the Tempests for 980 gold pieces
 59723 | D:9      | Learned a level 5 spell: Lightning Bolt
 60305 | Crypt:1  | Noticed Khufu
 60327 | Crypt:1  | Killed Khufu
 60594 | Crypt:1  | Paralysed by a vampire knight for 5 turns
 61262 | Crypt:2  | Reached XP level 23. HP: 185/185 MP: 4/43
 61371 | Crypt:2  | Got a faintly glowing graven amulet
 61384 | Crypt:2  | Found a deep blue altar of Sif Muna.
 61499 | Crypt:2  | Identified the Almanac of Calling
 62038 | Crypt:3  | Entered Level 3 of the Crypt
 62343 | Crypt:3  | Noticed an ancient lich
 62359 | Crypt:3  | Killed an ancient lich
 62434 | Crypt:3  | Found a basalt altar of Yredelemnul.
 62494 | Crypt:3  | Learned a level 5 spell: Irradiate
 62676 | Crypt:3  | Reached skill level 1 in Transmutations
 62688 | Crypt:3  | Reached skill level 12 in Fighting
 63443 | Crypt:3  | Found a staircase to the Tomb.
 64829 | Vaults:3 | Identified the amulet "Pomorir" {RegenMP *Corrode rPois
                  | Str+3 Int+3} (You took it off a vampire mage on level 2 of
                  | the Crypt)
 64877 | Vaults:5 | Entered Level 5 of the Vaults
 64879 | Vaults:5 | Noticed an ancient lich
 64891 | Vaults:5 | Reached skill level 15 in Conjurations
 64894 | Vaults:5 | Killed an ancient lich
 64993 | Vaults:5 | Reached skill level 13 in Fighting
 64994 | Vaults:5 | Reached XP level 24. HP: 34/200 MP: 35/45
 65120 | Vaults:5 | Reached skill level 5 in Transmutations
 65422 | Vaults:4 | Learned a level 4 spell: Animate Dead
 65543 | Vaults:5 | Reached skill level 14 in Fighting
 66127 | Vaults:5 | Identified the Papyrus of Toxins and Orientation
 66130 | Vaults:5 | Identified the Reference Book on Feathery Transformation
 66174 | Vaults:5 | Identified Byrueguw's Intricacies of Spellcraft
 66181 | Vaults:5 | Identified the Volume of Supportive Orientation
 66510 | Vaults:5 | Got a silver rune of Zot
 67229 | Depths:4 | Reached skill level 10 in Dodging
 67517 | Depths:4 | Found a glowing silver altar of Zin.
 67849 | Depths:4 | Found a gateway to a ziggurat.
 67866 | Depths:4 | Noticed the Enchantress
 67876 | Depths:4 | Killed the Enchantress
 67925 | Depths:4 | Got faerie dragon scales
 67928 | Depths:4 | Identified the +7 faerie dragon scales {rPois rC+ rCorr
                  | Str+2} (You took it off the Enchantress on level 4 of the
                  | Depths)
 68230 | Depths:5 | Entered Level 5 of the Depths
 68237 | Depths:5 | Reached XP level 25. HP: 211/211 MP: 17/46
 68490 | Depths:5 | Learned a level 2 spell: Sublimation of Blood
 68778 | Depths:5 | Noticed a juggernaut
 68786 | Depths:5 | Killed a juggernaut
 68858 | Depths:5 | Found a gate to the Realm of Zot.
 69153 | Depths:5 | Learned a level 7 spell: Orb of Destruction
 69157 | Depths:5 | Learned a level 2 spell: Passwall
 69192 | Zot:1    | Entered Level 1 of the Realm of Zot
 69852 | Zot:1    | Learned a level 5 spell: Aura of Abjuration
 69905 | Zot:1    | Reached skill level 15 in Fighting
 70270 | Depths:3 | Noticed an ancient lich
 70279 | Depths:3 | Killed an ancient lich
 70339 | Depths:3 | Got a flickering steel amulet
 70358 | Depths:3 | Found a transporter.
 70375 | Depths:3 | Got a smoking steel amulet
 70499 | Depths:3 | Identified the amulet "Bastil" {Reflect *Contam rElec Str+7
                  | SH+3} (You found it on level 3 of the Depths)
 70504 | Depths:3 | Learned a level 4 spell: Passage of Golubria
 70506 | Depths:3 | Identified the amulet "Ariolet" {RegenMP rC+ Str+7} (You
                  | found it on level 3 of the Depths)
 70799 | D:11     | Killed buskinjo's ghost
 70800 | D:11     | Killed Jaiteiro's ghost
 70801 | D:11     | Killed Tommers's ghost
 70802 | D:11     | Killed beigtais's ghost
 70947 | D:11     | Got a steaming spear
 70950 | D:11     | Identified the cursed +3 spear "Akog Ywi" {vamp, rF+ Int+3}
                  | (You found it on level 11 of the Dungeon)
 71150 | Snake:3  | Bought 2 potions of magic for 320 gold pieces
 71623 | Zot:1    | Reached skill level 16 in Fighting
 71623 | Zot:1    | Reached skill level 1 in Evocations
 71627 | Zot:1    | Reached XP level 26. HP: 214/225 MP: 30/48
 71998 | Zot:2    | Reached skill level 17 in Fighting
 72009 | Zot:2    | Reached skill level 5 in Evocations
 72133 | Zot:2    | Noticed an orb of fire
 72153 | Zot:2    | Killed an orb of fire
 72513 | Zot:2    | Reached skill level 18 in Fighting
 72966 | Zot:3    | Reached skill level 19 in Fighting
 73278 | Zot:3    | Reached skill level 20 in Fighting
 74097 | Zot:4    | Reached skill level 21 in Fighting
 74747 | Zot:4    | Reached XP level 27. HP: 252/252 MP: 32/48
 74750 | Zot:4    | Learned a level 1 spell: Summon Butterflies
 75125 | Zot:5    | Entered Level 5 of the Realm of Zot
 75152 | Zot:4    | Reached skill level 22 in Fighting
 75242 | Zot:5    | Reached skill level 5 in Stealth
 75285 | Zot:5    | Noticed an ancient lich
 75295 | Zot:5    | Killed an ancient lich
 75485 | Zot:5    | Noticed an orb of fire
 75498 | Zot:5    | Gained mutation: Scrolls take you longer to read. [an orb
                  | of fire]
 75500 | Zot:5    | Killed an orb of fire
 75526 | Zot:5    | Noticed an ancient lich
 75542 | Zot:5    | Killed an ancient lich
 75599 | Zot:5    | Noticed an ancient lich
 75606 | Zot:5    | Killed an ancient lich
 75607 | Zot:5    | Reached skill level 23 in Fighting
 75634 | Zot:5    | Noticed an ancient lich
 75643 | Zot:5    | Killed an ancient lich
 75715 | Zot:5    | Noticed an ancient lich
 75721 | Zot:5    | Noticed an orb of fire
 75733 | Zot:5    | Killed an orb of fire
 75735 | Zot:5    | Killed an ancient lich
 75787 | Zot:5    | Noticed an orb of fire
 75789 | Zot:5    | Lost mutation: You are robust. (+10% HP) [an orb of fire]
 75800 | Zot:5    | Killed an orb of fire
 75943 | Zot:5    | Reached skill level 10 in Stealth
 76094 | Zot:5    | Got the Orb of Zot
 76169 | Zot:4    | Noticed Yjupraur the pandemonium lord
 76178 | Zot:4    | Killed Yjupraur the pandemonium lord
 76178 | Zot:4    | Reached skill level 24 in Fighting
 76353 | Zot:2    | Noticed Dehiurui the pandemonium lord
 76471 | Depths:4 | Gained mutation: Armour fits poorly on your strangely
                  | shaped body. [a cacodemon]
 76536 | Depths:1 | Gained mutation: Your body sometimes deteriorates upon
                  | taking damage. [a cacodemon]
 76610 | D:15     | Noticed Gimon the pandemonium lord
 76715 | D:11     | Noticed Ygeileno the pandemonium lord
 76995 | D:$      | Escaped with the Orb!

Skill      XL: |  1  2  3  4  5  6  7  8  9 10 11 12 13 14 15 16 17 18 19 20 21 22 23 24 25 26 27 |
---------------+----------------------------------------------------------------------------------+-----
Summonings     | 5 6 7 8 9 10 11 12 13 | 13.2
Armour         | 2 3 4 12 15 | 15.0
Spellcasting   | 3 4 5 6 7 8 9 10 13 14 16 18 19 21 | 21.0
Fighting       | 1 3 4 5 6 7 8 10 11 13 14 16 21 24 | 24.4
Short Blades   | 1 |  1.1
Air Magic      | 2 3 4 6 7 8 10 12 | 12.0
Shields        | 1 4 10 14 15 | 15.0
Hexes          | 2 4 5 |  5.0
Dodging        | 3 5 6 8 10 12 | 12.3
Ice Magic      | 3 5 6 7 8 |  8.8
Translocations | 3 4 |  4.1
Invocations    | 2 4 5 9 10 | 10.5
Polearms       | 2 5 8 9 10 | 10.4
Charms         | 3 5 6 7 |  7.6
Necromancy     | 1 3 4 6 7 9 10 11 | 11.0
Earth Magic    | 5 6 8 |  8.6
Conjurations   | 5 10 11 12 14 15 16 17 | 17.1
Transmutations | 4 6 |  6.0
Evocations     | 2 6 |  6.2
Stealth        | 2 11 | 11.2
Unarmed Combat | |  0.2

Action                   |  1- 3 |  4- 6 |  7- 9 | 10-12 | 13-15 | 16-18 | 19-21 | 22-24 | 25-27 || total
-------------------------+-------+-------+-------+-------+-------+-------+-------+-------+-------++-------
Melee: Whip              |   112 |       |   172 |       |       |       |       |       |       ||   284
       Unarmed           |     7 |       |       |       |       |       |       |       |       ||     7
       Dagger            |     5 |    63 |   107 |   160 |       |       |       |       |       ||   335
       Trident           |       |       |       |   199 |   735 |   664 |   553 |   499 |   344 ||  2994
 Fire: Hunting sling     |       |    91 |    64 |       |       |       |       |       |       ||   155
Throw: Javelin           |       |       |       |       |     5 |       |       |       |       ||     5
 Cast: Summon Small Mamm |    25 |     1 |       |     1 |       |       |       |       |       ||    27
       Call Imp          |    13 |     4 |    12 |     5 |       |       |       |       |       ||    34
       Call Canine Famil |       |     6 |    21 |    22 |    38 |    31 |    10 |       |       ||   128
       Summon Lightning  |       |       |    20 |    89 |   232 |   208 |   229 |   135 |    97 ||  1010
       Summon Ice Beast  |       |       |       |    28 |    59 |    35 |    11 |     1 |       ||   134
       Spectral Weapon   |       |       |       |     3 |    39 |    25 |     6 |       |       ||    73
       Regeneration      |       |       |       |     2 |    29 |    57 |    36 |    27 |    47 ||   198
       Borgnjor's Vile C |       |       |       |       |     8 |    67 |   199 |   199 |   151 ||   624
       Deflect Missiles  |       |       |       |       |     3 |     3 |     5 |     1 |     1 ||    13
       Blink             |       |       |       |       |       |     1 |       |       |       ||     1
       Freezing Cloud    |       |       |       |       |       |     1 |    51 |    53 |   108 ||   213
       Spellforged Servi |       |       |       |       |       |       |       |    81 |    90 ||   171
       Lightning Bolt    |       |       |       |       |       |       |       |    19 |     3 ||    22
       Bolt of Cold      |       |       |       |       |       |       |       |     8 |    35 ||    43
       Simulacrum        |       |       |       |       |       |       |       |     6 |       ||     6
       Irradiate         |       |       |       |       |       |       |       |     9 |     2 ||    11
       Animate Dead      |       |       |       |       |       |       |       |    10 |    21 ||    31
       Sublimation of Bl |       |       |       |       |       |       |       |       |    54 ||    54
       Orb of Destructio |       |       |       |       |       |       |       |       |    17 ||    17
       Aura of Abjuratio |       |       |       |       |       |       |       |       |    10 ||    10
Invok: Slouch            |       |       |       |       |       |    10 |     7 |     1 |     7 ||    25
       Bend Time         |       |       |       |       |       |     1 |     1 |       |       ||     2
 Abil: Hop               |     1 |     2 |     1 |     5 |     8 |     7 |     9 |     8 |     9 ||    50
       Evoke Invisibilit |       |       |       |       |       |       |     1 |     4 |     2 ||     7
       Stop Flying       |       |       |       |       |       |       |       |     1 |       ||     1
Evoke: Wand              |       |       |       |       |     3 |     4 |     6 |     8 |    10 ||    31
       Lamp of fire      |       |       |       |       |       |       |     1 |     3 |       ||     4
  Use: Scroll            |       |     3 |    16 |    10 |    13 |    14 |    19 |    19 |     6 ||   100
       Potion            |       |       |     2 |     6 |     3 |     9 |     4 |     6 |     8 ||    38
 Stab: Sleeping          |     4 |     2 |     4 |     1 |     2 |       |       |       |     1 ||    14
       Distracted        |     1 |       |     2 |    10 |    49 |    39 |    33 |    32 |    35 ||   201
       Paralysed         |     1 |       |       |       |       |       |       |       |       ||     1
       Invisible         |       |       |       |       |       |       |       |     1 |     3 ||     4
  Eat: Chunk             |     6 |     9 |    13 |    11 |    24 |     9 |     7 |     5 |     1 ||    85
       Ration            |       |       |     2 |       |     2 |     4 |     7 |     9 |     6 ||    30
Armor: Leather armour    |    36 |    19 |    61 |       |       |       |       |       |       ||   116
       Robe              |     1 |       |       |       |       |       |       |       |       ||     1
       Troll leather arm |       |       |     3 |   116 |   112 |       |       |       |       ||   231
       Chain mail        |       |       |       |       |   105 |   369 |   157 |   291 |       ||   922
       Acid dragon scale |       |       |       |       |       |       |       |       |   127 ||   127
Dodge: Dodged            |    92 |    80 |   220 |   220 |   293 |   270 |   166 |   364 |   286 ||  1991
       Deflected         |       |       |       |       |    18 |    48 |    33 |     3 |    13 ||   115
Block: Buckler           |       |       |    47 |   113 |   245 |   209 |    78 |       |       ||   692
       Reflection        |       |       |       |       |     1 |       |       |       |       ||     1
       Shield            |       |       |       |       |       |       |   101 |   599 |   298 ||   998
